 Dungeon Crawl Stone Soup version 0.17.0-24-gcfadda4 (webtiles) character file.

31479 Raultor the Unseen (level 13, -3/90 HPs)
             Began as a Vampire Enchanter on Nov 16, 2015.
             Was the Champion of Makhleb.
             Slain by a red devil
             ... wielding a +3 demon trident of pain
             ... summoned by an orc sorcerer
              (7 damage)
             ... on level 4 of the Orcish Mines on Nov 17, 2015.
             The game lasted 01:36:25 (20136 turns).

Raultor the Unseen (Vampire Enchanter)             Turns: 20136, Time: 01:36:25

Health: -3/90      AC:  0    Str:  2    XL:     13   Next: 26%
Magic:  3/16       EV: 34    Int: 20    God:    Makhleb [******]
Gold:   2073       SH:  0    Dex: 20    Spells: 5 memorised, 1 level left

rFire  . . .     SeeInvis +     (weapon currently unavailable)
rCold  + . .     Clarity  .     (armour currently unavailable)
rNeg   + + .     SustAt   .     (shield currently unavailable)
rPois  +         Gourm    .     (helmet currently unavailable)
rElec  .         Spirit   .     (cloak currently unavailable)
rCorr  .         Warding  .     (gloves currently unavailable)
rMut   .         Stasis   .     (boots currently unavailable)
MR     +....                    (no amulet)
Stlth  +++++++++.               (ring currently unavailable)
                                (ring currently unavailable)

@: bat-form, flying, very slightly contaminated, regenerating slowly, very
quick, somewhat resistant to hostile enchantments, incredibly stealthy
A: (fangs 0), see invisible, clumsy 1, (unbreathing)
a: End Transformation, Minor Destruction, Lesser Servant of Makhleb, Major
Destruction, Greater Servant of Makhleb, Renounce Religion


You were on level 4 of the Orcish Mines.
You worshipped Makhleb.
Makhleb was exalted by your worship.
You were very thirsty.
You were in vampire-bat-form.
You visited 3 branches of the dungeon, and saw 17 of its levels.
You also visited: Ice Cave.

You collected 2323 gold pieces.
You spent 250 gold pieces at shops.

Inventory:

Hand Weapons
 a - a +1 short sword of protection
 d - a +1 dagger of venom (melded)
Missiles
 E - 2 throwing nets (quivered)
Armour
 b - a +0 shield of reflection
 o - a +2 pair of gloves (melded)
 s - a +0 helmet (melded)
 A - a +2 robe of magic resistance (melded)
Jewellery
 u - an uncursed ring of ice
 C - an uncursed ring of ice
 H - a +5 ring of dexterity (melded)
 L - an uncursed ring of protection from magic
 S - an uncursed ring of protection from fire
 U - a ring of stealth (melded)
Wands
 I - a wand of fireball (5)
 N - a wand of paralysis (17)
 P - a wand of lightning (7)
 W - a wand of frost (22)
Scrolls
 e - 7 scrolls of teleportation
 f - 14 scrolls of identify
 g - 8 scrolls of remove curse
 h - 2 scrolls of magic mapping {unknown}
 i - 2 scrolls of enchant weapon {unknown}
 k - 3 scrolls of recharging {unknown}
 r - 2 scrolls of immolation {unknown}
 w - 2 scrolls of fog {unknown}
 D - a scroll of noise {unknown}
 F - a scroll of amnesia
 K - a scroll of random uselessness {unknown}
 X - 2 scrolls of enchant armour
 Y - a scroll of acquirement {unknown}
 Z - a scroll of blinking {unknown}
Potions
 l - 6 potions of blood
 m - 4 potions of haste {unknown}
 n - 2 potions of flight {unknown}
 p - a potion of beneficial mutation {unknown}
 q - 2 potions of cancellation {unknown}
 t - a potion of poison {unknown}
 v - a potion of might {unknown}
 x - a potion of resistance {unknown}
 z - a potion of ambrosia {unknown}
 B - 2 potions of brilliance {unknown}
 G - 3 potions of magic {unknown}
 J - a potion of cure mutation {unknown}
 Q - a potion of curing {unknown}
 R - a potion of agility {unknown}
 V - 3 potions of lignification {unknown}
Books
 c - a book of Maledictions

   Spells                             Type                      Level
   a - Corona                         Hexes                        1
   b - Ensorcelled Hibernation        Hexes/Ice                    2
   c - Confuse                        Hexes                        3
   d - Tukima's Dance                 Hexes                        3
   e - Dazzling Spray                 Conjuration/Hexes            3
 y - a book of Battle

   Spells                             Type                      Level
   a - Infusion                       Charms                       1
   b - Shroud of Golubria             Charms/Translocation         2
   c - Song of Slaying                Charms                       2
   d - Spectral Weapon                Hexes/Charms                 3
   e - Regeneration                   Charms/Necromancy            3
 M - a book of Party Tricks

   Spells                             Type                      Level
   a - Summon Butterflies             Summoning                    1
   b - Apportation                    Translocation                1
   c - Tukima's Dance                 Hexes                        3
   d - Alistair's Intoxication        Transmutation/Poison         4
   e - Invisibility                   Hexes                        6
 T - a book of the Warp

   Spells                             Type                      Level
   a - Recall                         Summoning/Translocation      3
   b - Gell's Gravitas                Hexes/Translocation          3
   c - Force Lance                    Conjuration/Translocation    4
   d - Phase Shift                    Translocation                5
   e - Warp Weapon                    Charms/Translocation         5
   f - Summon Forest                  Summoning/Translocation      5
Miscellaneous
 O - a lamp of fire


   Skills:
 + Level 4.6 Fighting
 + Level 6.2 Short Blades
 + Level 13.0 Dodging
 + Level 19.4 Stealth
 - Level 2.0 Spellcasting
 + Level 16.3 Hexes


You had one spell level left.
You knew the following spells:

 Your Spells              Type           Power        Failure   Level  Hunger
a - Corona                Hex            ######.      1%          1    #......
b - Ensorcelled Hibernat  Hex/Ice        ####..       1%          2    ##.....
c - Tukima's Dance        Hex            ######..     1%          3    ###....
d - Dazzling Spray        Conj/Hex       ####....     1%          3    ###....
e - Invisibility          Hex            ######..     3%          6    #######


Dungeon Overview and Level Annotations

Branches:
Dungeon (12/15)            Temple (1/1) D:5            Lair (0/8) D:11
    Orc (4/4) D:12            Elf (0/3) Orc:4

Altars:
Ashenzari
Cheibriados
Dithmenos
Elyvilon
Fedhas
Gozag
Kikubaaqudgha
Makhleb
Nemelex Xobeh
Okawaru
Qazlal
Ru
Sif Muna
Trog
Vehumet
Xom
Yredelemnul
Zin
The Shining One

Shops:
Orc:3 *   Orc:4 *?[

Annotations:
D:3 timbw's ghost, weakling CeFi
D:11 exclusion: electric eel


Innate Abilities, Weirdness & Mutations

You heal slowly.
((You have razor-sharp teeth.))
You have supernaturally acute eyesight.
((You can survive without breathing.))
You are clumsy. (Dex -2)


Message History

* * * LOW HITPOINT WARNING * * *
The orc sorcerer misses you.
Drink which item? (? for menu, Esc to quit)
Okay, then.
You turn into a vampire bat.
Your +1 dagger of venom melds into your body.
Your +0 helmet melds into your body.
Your +2 pair of gloves melds into your body.
Your +2 robe of magic resistance melds into your body.
Your ring of stealth melds into your body.
Your +5 ring of dexterity melds into your body.
Your +1 dagger of venom stops dripping with poison.
You feel less resistant to hostile enchantments.
You feel clumsy. The orc sorcerer barely misses you.
The orc knight completely misses you.
The putrid demonspawn completely misses you.
The red devil closely misses you. The orc knight misses you.
The red devil hits you from afar with a demon trident of pain!
You die...

.....###...###............[.[)...
....###.....###..#..........)....
...###.#.))#.###.................
..###.....)[.†###................
.###...#.#.#[)[###.......#......#
## ... #...##[[4###...........#.#
# .. #..#..##4.o####....##......
#..###. ##6o.###......##.#.# .#
#..# #. ##b#.###.))...####. ..#
..# # ##[..###)...## ## .#.##.
##)#.###....## #...#
##.).###....## ##...##
##...###....## ###...##
##...###).#### .###...##
##...###..##
..###)..###...###[)##
#..##....#....##[.##


You could see an orc knight, a putrid demonspawn, a rust devil, an orc sorcerer
and a red devil.

Vanquished Creatures
  Donald (Orc:4)
  Snorg (Orc:4)
  Erolcha (Orc:3)
  Fannar (D:12)
  2 orc high priests (Orc:4)
  Urug (D:12)
  A sun demon (Orc:4)
  An unseen horror (D:11)
  3 hill giants
  3 orc knights
  An orc sorcerer (Orc:4)
  2 ugly things
  A cyclops (D:10)
  A rust devil (Orc:4)
  A centaur zombie (D:11)
  An orange demon (Orc:4)
  A smoke demon (Orc:4)
  A kobold demonologist (D:12)
  A blue devil (Orc:4)
  A hellwing (Orc:4)
  4 polar bears (D:9)
  2 two-headed ogres
  2 trolls
  A wyvern (D:10)
  A shadow (D:11)
  A trapdoor spider (D:12)
  12 yaks
  3 hippogriffs
  A hungry ghost (D:12)
  Menkaure (D:5)
  11 wargs
  A mottled dragon (D:12)
  27 orc warriors
  3 wolves
  A water moccasin (D:9)
  3 sky beasts
  An eye of draining (D:12)
  A crocodile (D:12)
  A wasp (D:9)
  A necrophage (D:6)
  An ogre (D:7)
  5 centaurs
  11 ice beasts
  A phantom (D:5)
  9 giant frogs
  5 big kobolds
  4 scorpions
  A wyvern skeleton (D:6)
  9 wights
  15 killer bees
  6 crimson imps
  14 two-headed ogre zombies (Orc:3)
  An electric eel (D:9)
  5 jellies
  35 orc priests
  A wyvern simulacrum (D:9)
  4 iguanas
  3 quasits
  4 hounds
  2 centaur skeletons
  Jessica (D:2)
  9 worker ants
  Natasha (thrice) (D:2)
  27 orc wizards
  2 hound zombies
  A mummy (D:11)
  11 adders
  4 white imps (D:9)
  3 ufetubi (D:9)
  An ooze (D:1)
  An adder zombie (D:6)
  An adder skeleton (D:8)
  4 worms
  An adder simulacrum (D:9)
  3 giant geckos
  135 orcs
  6 bats
  3 giant cockroaches
  4 hobgoblins
  16 kobolds
  3 quokkas
  2 ball pythons
  A giant newt (D:2)
  6 goblins
  A jackal (D:2)
  7 rats
496 creatures vanquished.

Vanquished Creatures (collateral kills)
  An orc high priest (Orc:4)
  An orc sorcerer (Orc:4)
  2 two-headed ogres
  Duvessa (D:5)
  16 orc warriors
  3 ogres
  A big kobold (D:8)
  Dowan (D:5)
  A giant frog (D:8)
  5 wights
  8 orc priests
  A giant frog skeleton (D:12)
  9 orc wizards
  A mummy (D:11)
  46 orcs
  A quokka (D:9)
  3 kobolds
101 creatures vanquished.

Vanquished Creatures (others)
  2 dancing weapons (Orc:4)
  A chaos spawn (Orc:4)
  5 orcs
  A kobold (D:11)
9 creatures vanquished.

Grand Total: 606 creatures vanquished

Notes
Turn   | Place    | Note
--------------------------------------------------------------
     0 | D:1      | Raultor the Vampire Enchanter began the quest for the Orb.
     0 | D:1      | Reached XP level 1. HP: 13/13 MP: 3/3
   338 | D:1      | Reached skill level 5 in Hexes
   339 | D:1      | Reached XP level 2. HP: 16/19 MP: 5/5
   343 | D:1      | Learned a level 2 spell: Ensorcelled Hibernation
   989 | D:2      | Noticed Natasha
   997 | D:2      | Killed Natasha
   997 | D:2      | Reached skill level 5 in Stealth
   997 | D:2      | Reached skill level 6 in Hexes
   997 | D:2      | Reached XP level 3. HP: 24/24 MP: 1/6
  1056 | D:2      | Noticed Natasha
  1067 | D:2      | Killed Natasha
  1328 | D:2      | Reached XP level 4. HP: 18/30 MP: 4/7
  1709 | D:2      | Noticed Jessica
  1712 | D:2      | Noticed Natasha
  1720 | D:2      | Killed Jessica
  1735 | D:2      | Reached skill level 7 in Hexes
  1737 | D:2      | Killed Natasha
  1934 | D:2      | Reached XP level 5. HP: 35/35 MP: 5/8
  2017 | D:3      | Noticed timbw's ghost (weakling CeFi)
  2183 | D:3      | Learned a level 3 spell: Tukima's Dance
  2701 | D:3      | You fall through a shaft for 3 floors!
  2710 | D:6      | Noticed a sky beast
  2727 | D:6      | Noticed a centaur
  2745 | D:6      | Killed a centaur
  2745 | D:6      | Reached skill level 8 in Stealth
  2745 | D:6      | Reached XP level 6. HP: 41/41 MP: 9/9
  2764 | D:6      | Found a deep blue altar of Sif Muna.
  2838 | D:6      | Noticed a necrophage
  2869 | D:6      | Killed a necrophage
  3294 | D:6      | Noticed a centaur
  3295 | D:6      | Killed a centaur
  3295 | D:6      | Reached skill level 9 in Stealth
  3327 | D:6      | Noticed a centaur
  3334 | D:6      | Killed a centaur
  3334 | D:6      | Reached XP level 7. HP: 46/46 MP: 10/10
  3402 | D:6      | Reached skill level 10 in Stealth
  3424 | D:5      | Entered Level 5 of the Dungeon
  3656 | D:5      | Noticed Dowan
  3657 | D:5      | Noticed Duvessa
  3669 | D:5      | Killed Duvessa
  3675 | D:5      | Killed Dowan
  3675 | D:5      | Reached skill level 11 in Stealth
  3921 | D:5      | Learned a level 3 spell: Dazzling Spray
  3993 | D:5      | Found a staircase to the Ecumenical Temple.
  4193 | D:5      | Reached skill level 12 in Stealth
  4193 | D:5      | Reached XP level 8. HP: 52/52 MP: 11/11
  4202 | D:5      | Noticed Menkaure
  4206 | D:5      | Killed Menkaure
  4859 | D:6      | Reached skill level 13 in Stealth
  5162 | D:6      | Killed a sky beast
  5162 | D:6      | Reached skill level 10 in Hexes
  5376 | D:7      | Reached skill level 14 in Stealth
  5508 | D:7      | Reached XP level 9. HP: 57/57 MP: 6/12
  6119 | Temple   | Entered the Ecumenical Temple
  6212 | Temple   | Became a worshipper of Makhleb the Destroyer
  6331 | D:8      | Reached skill level 15 in Stealth
  6604 | D:8      | Reached skill level 1 in Fighting
  6984 | D:9      | Reached * piety under Makhleb
  7036 | D:9      | Reached skill level 5 in Dodging
  7059 | D:9      | Reached XP level 10. HP: 46/66 MP: 1/13
  7442 | D:9      | Got a scorched broad axe
  7443 | D:9      | Identified the +5 broad axe "Inuroch" {chop, -Tele Int+10 Dex-2 Stlth+} (You found it on level 9 of the Dungeon)
  7445 | D:9      | Found a shadowy altar of Dithmenos.
  7508 | D:9      | Reached ** piety under Makhleb
  8439 | D:10     | Entered Level 10 of the Dungeon
  9387 | D:11     | Reached *** piety under Makhleb
  9454 | D:11     | HP: 2/68 [electric eel/bolt of electricity (8)]
 10093 | D:11     | Noticed a hill giant
 10128 | D:11     | Killed a hill giant
 10128 | D:11     | Reached XP level 11. HP: 72/74 MP: 14/14
 10166 | D:11     | Noticed an unseen horror
 10176 | D:11     | Found a staircase to the Lair.
 10293 | D:10     | Noticed a hill giant
 10305 | D:10     | Killed a hill giant
 10305 | D:10     | Reached skill level 16 in Stealth
 10434 | D:11     | Killed an unseen horror
 10660 | D:11     | Reached **** piety under Makhleb
 10699 | D:11     | HP: 1/75 [orc warrior (4)]
 11271 | D:11     | Found a white marble altar of Elyvilon.
 11904 | D:11     | HP: 1/75 [killer bee (3)]
 12660 | D:12     | Noticed Urug
 12736 | D:11     | Reached skill level 10 in Dodging
 13546 | D:12     | Noticed Fannar
 13549 | D:12     | Killed Fannar
 13549 | D:12     | Reached skill level 17 in Stealth
 13555 | D:12     | Reached skill level 15 in Hexes
 13724 | D:12     | Killed Urug
 13819 | D:12     | Found a staircase to the Orcish Mines.
 14123 | D:12     | Reached ***** piety under Makhleb
 14123 | D:12     | Reached skill level 5 in Short Blades
 14157 | D:12     | Reached XP level 12. HP: 77/83 MP: 7/15
 14271 | D:12     | Noticed a hill giant
 14277 | D:12     | Killed a hill giant
 14716 | Orc:1    | Entered Level 1 of the Orcish Mines
 15324 | Orc:1    | Learned a level 6 spell: Invisibility
 16115 | Orc:2    | Reached ****** piety under Makhleb
 16322 | Orc:2    | Found a frozen archway.
 16355 | IceCv    | Entered an ice cave
 16984 | Orc:3    | Found Arhod's Assorted Antiques.
 17090 | Orc:3    | Reached skill level 18 in Stealth
 17130 | Orc:3    | Bought a grey potion for 30 gold pieces
 17130 | Orc:3    | Bought a scroll labeled QOFY EGECOSH for 34 gold pieces
 17608 | Orc:3    | Noticed Erolcha
 17658 | Orc:3    | Killed Erolcha
 17852 | Orc:4    | Entered Level 4 of the Orcish Mines
 17852 | Orc:4    | Noticed Donald
 17857 | Orc:4    | Killed Donald
 17871 | Orc:4    | Found Zushritu's Armour Shop.
 18010 | Orc:4    | Found a staircase to the Elven Halls.
 18250 | Orc:4    | Noticed Snorg
 18359 | Orc:4    | Killed Snorg
 18432 | Orc:4    | Found Irorir's Magic Scroll Shop.
 18434 | Orc:4    | Found Nohiatre's General Store.
 18492 | Orc:4    | Reached XP level 13. HP: 87/90 MP: 12/16
 18496 | Orc:4    | Gained mutation: You are clumsy. (Dex -2) [mutagenic glow]
 18498 | Orc:4    | Reached skill level 19 in Stealth
 20070 | Orc:4    | Bought a scroll of enchant armour for 127 gold pieces
 20070 | Orc:4    | Bought a scroll of amnesia for 59 gold pieces
 20125 | Orc:4    | Paralysed by an orc sorcerer for 5 turns
 20130 | Orc:4    | HP: 1/90 [orc knight/great sword (22)]
 20136 | Orc:4    | Slain by a red devil

Action                   |  1- 3 |  4- 6 |  7- 9 | 10-12 | 13-15 || total
-------------------------+-------+-------+-------+-------+-------++-------
Melee: Dagger            |    93 |    96 |       |   427 |   178 ||   794
       Short sword       |       |     2 |   224 |   919 |       ||  1145
       Broad axe         |       |       |       |    23 |       ||    23
 Cast: Corona            |     6 |       |     5 |       |       ||    11
       Ensorcelled Hiber |     9 |     7 |    23 |   133 |     4 ||   176
       Tukima's Dance    |       |     2 |     9 |    75 |    15 ||   101
       Dazzling Spray    |       |       |    12 |    41 |       ||    53
       Invisibility      |       |       |       |    10 |     2 ||    12
 Abil: Bat Form          |       |     2 |       |     8 |     2 ||    12
       End Transformatio |       |     2 |       |     8 |     1 ||    11
  Use: Potion            |     2 |       |     1 |    14 |     5 ||    22
       Scroll            |       |       |       |     5 |       ||     5
 Stab: Sleeping          |     4 |    18 |    53 |   124 |     1 ||   200
       Invisible         |       |       |     7 |    85 |    13 ||   105
       Distracted        |       |       |       |     5 |     1 ||     6
       Paralysed         |       |       |       |     1 |       ||     1
  Eat: Corpse            |     3 |       |       |     1 |       ||     4
